[ AOE2 MATCH · #478525617 ]
UnrankedRomans vs Vikings
[ REPLAY ANALYSIS · EXTRACTED FROM THE RECORDED GAME ]
Feudal
12:44
Castle
24:03
Imperial
41:45
| APM avg | 11.0 |
| APM peak | 37 |
| eAPM avg | 6.8 |
| Villagers / military | 63 / 221 |
Focus
⚔️ 33.6% · 🌾 66.4%
Militia ×160 · Mangonel ×15 · Skirmisher ×14 · Battering Ram ×13 · Centurion ×10 · Fishing Ship ×8
Feudal
20:42
Castle
28:51
Imperial
—
| APM avg | 19.2 |
| APM peak | 47 |
| eAPM avg | 4.8 |
| Villagers / military | 51 / 68 |
Focus
⚔️ 27.7% · 🌾 72.3%
Longboat ×37 · Fire Galley ×25 · Fishing Ship ×11 · Spearman ×6
Feudal
—
Castle
—
Imperial
—
| APM avg | 30.2 |
| APM peak | 60 |
| eAPM avg | 14.3 |
| Villagers / military | 126 / 264 |
Focus
⚔️ 39.8% · 🌾 60.2%
Militia ×115 · Spearman ×76 · Cannon Galleon ×38 · Trade Cart ×30 · Unknown (1750) ×20 · Fire Galley ×12
Feudal
11:07
Castle
16:21
Imperial
73:37
| APM avg | 10.0 |
| APM peak | 31 |
| eAPM avg | 5.2 |
| Villagers / military | 55 / 275 |
Focus
⚔️ 52.4% · 🌾 47.6%
Steppe Lancer ×263 · Battering Ram ×10 · Transport Ship ×2
Feudal
14:51
Castle
24:33
Imperial
—
| APM avg | 14.3 |
| APM peak | 45 |
| eAPM avg | 6.3 |
| Villagers / military | 85 / 124 |
Focus
⚔️ 36.3% · 🌾 63.7%
Conquistador ×48 · Fire Galley ×39 · Militia ×31 · Trade Cart ×18 · Fishing Ship ×12 · Unknown (2626) ×4
Feudal
16:51
Castle
31:21
Imperial
62:22
| APM avg | 13.1 |
| APM peak | 69 |
| eAPM avg | 6.9 |
| Villagers / military | 79 / 57 |
Focus
⚔️ 33.8% · 🌾 66.2%
Cannon Galleon ×14 · Archer ×13 · Fishing Ship ×12 · Spearman ×9 · Unknown (2626) ×9 · Fire Galley ×7
Match map
Initial resources + every placement click. Lines = walls · curves = elevation contours. ◆ gold · ⬟ stone · ● berries · ✦ relic · ◌ wall gap
Your base· ✓ Map-separated
Animeshnik49's base· ✓ Map-separated
SheepGodCasual's base· ✓ Map-separated
maces's base· ✓ Map-separated
Apple=)'s base· ✓ Map-separated
's base· ✓ Map-separated
Smoothed initial terrain · ◌ = detected wall gap · hover for details
Inputs per minute
— Vedro - - Animeshnik49
Build order — Vedro
First 150 of 270 actions detected
| 0:03 | Create | Villager (Male) |
| 0:03 | Create | Villager (Male) |
| 0:03 | Create | Villager (Male) |
| 0:03 | Create | Villager (Male) |
| 0:08 | Build | House |
| 0:09 | Build | House |
| 0:10 | Build | House |
| 1:04 | Build | Dock |
| 1:54 | Create | Villager (Male) |
| 2:28 | Create | Villager (Male) |
| 3:17 | Create | Villager (Male) |
| 3:59 | Build | Lumber Camp |
| 4:07 | Create | Villager (Male) |
| 4:33 | Create | Villager (Male) |
| 5:01 | Build | Mill |
| 5:08 | Create | Villager (Male) |
| 5:33 | Create | Fishing Ship |
| 5:40 | Create | Villager (Male) |
| 6:16 | Create | Fishing Ship |
| 6:28 | Create | Villager (Male) |
| 6:45 | Create | Villager (Male) |
| 7:02 | Create | Fishing Ship |
| 7:13 | Build | House |
| 7:14 | Build | House |
| 7:16 | Build | House |
| 7:38 | Create | Villager (Male) |
| 7:38 | Create | Villager (Male) |
| 7:43 | Create | Villager (Male) |
| 7:58 | Create | Fishing Ship |
| 8:08 | Create | Villager (Male) |
| 8:08 | Create | Villager (Male) |
| 8:21 | Create | Villager (Male) |
| 8:32 | Create | Fishing Ship |
| 9:28 | Build | Farm |
| 9:48 | Build | Farm |
| 9:53 | Create | Fishing Ship |
| 9:57 | Create | Fishing Ship |
| 10:34 | Research | Feudal Age |
| 10:50 | Create | Fishing Ship |
| 11:58 | Build | Barracks |
| 12:28 | Build | House |
| 12:29 | Build | House |
| 12:30 | Build | House |
| 12:32 | Build | House |
| 12:44 | Age | Feudal Age |
| 13:15 | Build | Market |
| 13:19 | Create | Villager (Male) |
| 13:20 | Create | Villager (Male) |
| 13:23 | Research | Double-Bit Axe |
| 13:26 | Research | Horse Collar |
| 13:29 | Research | Wheelbarrow |
| 13:57 | Build | Mining Camp |
| 14:40 | Build | Archery Range |
| 14:51 | Research | Man-at-Arms (upgrade) |
| 14:53 | Create | Militia |
| 14:54 | Create | Militia |
| 15:40 | Build | Barracks |
| 15:51 | Create | Militia |
| 16:09 | Create | Skirmisher |
| 16:09 | Create | Skirmisher |
| 16:10 | Create | Skirmisher |
| 16:11 | Create | Skirmisher |
| 16:24 | Build | Farm |
| 16:29 | Build | Farm |
| 16:34 | Build | Farm |
| 16:39 | Build | Farm |
| 16:47 | Create | Militia |
| 16:47 | Create | Militia |
| 16:47 | Create | Militia |
| 17:03 | Create | Militia |
| 17:44 | Create | Militia ×2 |
| 18:15 | Create | Skirmisher |
| 18:15 | Create | Skirmisher |
| 18:16 | Create | Skirmisher |
| 18:42 | Create | Militia ×2 |
| 19:19 | Create | Militia ×2 |
| 19:19 | Create | Militia ×2 |
| 20:37 | Create | Militia ×5 |
| 20:41 | Create | Skirmisher |
| 20:41 | Create | Skirmisher |
| 20:42 | Create | Skirmisher |
| 21:23 | Research | Castle Age |
| 21:53 | Create | Villager (Male) |
| 21:53 | Create | Villager (Male) |
| 24:03 | Age | Castle Age |
| 24:13 | Research | Long Swordsman (upgrade) |
| 24:29 | Research | Hand Cart |
| 24:40 | Build | Town Center |
| 24:48 | Build | Town Center |
| 25:34 | Build | Farm |
| 25:40 | Build | Farm |
| 26:33 | Create | Villager (Male) |
| 26:33 | Create | Villager (Male) |
| 27:22 | Build | Lumber Camp |
| 27:24 | Research | Bow Saw |
| 27:27 | Create | Villager (Male) |
| 27:27 | Create | Villager (Male) |
| 27:27 | Create | Villager (Male) |
| 27:28 | Create | Villager (Male) |
| 27:31 | Create | Villager (Male) |
| 27:31 | Create | Villager (Male) |
| 27:32 | Create | Villager (Male) |
| 28:10 | Build | Dock |
| 28:46 | Create | Villager (Male) |
| 28:46 | Create | Villager (Male) |
| 28:49 | Create | Villager (Male) |
| 28:50 | Create | Villager (Male) |
| 29:04 | Build | Mining Camp |
| 29:23 | Build | Farm |
| 30:06 | Create | Militia ×5 |
| 30:06 | Create | Militia ×5 |
| 30:15 | Research | Elite Skirmisher (upgrade) |
| 30:16 | Create | Skirmisher |
| 30:26 | Create | Skirmisher |
| 30:27 | Create | Skirmisher |
| 30:28 | Create | Skirmisher |
| 30:36 | Build | Farm |
| 30:38 | Build | Farm |
| 30:42 | Create | Villager (Male) |
| 30:43 | Create | Villager (Male) |
| 30:44 | Create | Villager (Male) |
| 31:04 | Create | Transport Ship |
| 31:50 | Research | Heavy Plow |
| 31:55 | Create | Villager (Male) |
| 31:56 | Create | Villager (Male) |
| 31:57 | Create | Villager (Male) |
| 31:58 | Create | Villager (Male) |
| 32:52 | Build | House |
| 32:53 | Build | House |
| 32:54 | Build | House |
| 32:54 | Build | House |
| 32:54 | Build | House |
| 35:07 | Build | Farm |
| 35:09 | Build | Farm |
| 35:21 | Build | Castle |
| 38:12 | Build | Lumber Camp |
| 38:35 | Research | Imperial Age |
| 39:29 | Create | Villager (Male) |
| 39:29 | Create | Villager (Male) |
| 39:29 | Create | Villager (Male) |
| 39:29 | Create | Villager (Male) |
| 39:32 | Create | Villager (Male) |
| 39:34 | Create | Villager (Male) |
| 39:34 | Create | Villager (Male) |
| 39:34 | Create | Villager (Male) |
| 39:35 | Create | Villager (Male) |
| 39:36 | Create | Villager (Male) |
| 39:37 | Create | Villager (Male) |
| 39:37 | Create | Villager (Male) |
| 39:55 | Research | Gold Mining |
Build order — Animeshnik49
First 150 of 183 actions detected
| 0:19 | Create | Villager (Male) |
| 0:19 | Create | Villager (Male) |
| 0:19 | Create | Villager (Male) |
| 0:19 | Create | Villager (Male) |
| 3:17 | Create | Villager (Male) |
| 3:51 | Create | Villager (Male) |
| 3:51 | Create | Villager (Male) |
| 4:13 | Build | Lumber Camp |
| 4:43 | Create | Villager (Male) |
| 4:43 | Create | Villager (Male) |
| 5:26 | Build | Dock |
| 5:37 | Create | Villager (Male) |
| 5:37 | Create | Villager (Male) |
| 5:47 | Build | House |
| 6:19 | Build | House |
| 6:25 | Build | House |
| 6:28 | Create | Villager (Male) |
| 6:43 | Build | Mining Camp |
| 7:11 | Create | Villager (Male) |
| 7:11 | Create | Villager (Male) |
| 7:11 | Create | Villager (Male) |
| 7:33 | Create | Fishing Ship |
| 7:33 | Create | Fishing Ship |
| 7:48 | Create | Villager (Male) |
| 7:48 | Create | Villager (Male) |
| 8:21 | Create | Villager (Male) |
| 8:37 | Create | Fishing Ship |
| 8:38 | Create | Fishing Ship |
| 10:07 | Create | Villager (Male) |
| 10:07 | Create | Villager (Male) |
| 10:07 | Create | Villager (Male) |
| 10:44 | Create | Fishing Ship |
| 10:44 | Create | Fishing Ship |
| 10:45 | Create | Fishing Ship |
| 10:45 | Create | Fishing Ship |
| 10:56 | Create | Villager (Male) |
| 10:56 | Create | Villager (Male) |
| 11:07 | Build | House |
| 11:09 | Build | House |
| 11:12 | Build | House |
| 11:15 | Build | House |
| 12:02 | Build | Lumber Camp |
| 12:32 | Build | Lumber Camp |
| 13:06 | Create | Villager (Male) |
| 13:07 | Create | Villager (Male) |
| 13:07 | Create | Villager (Male) |
| 13:21 | Build | Mining Camp |
| 14:06 | Build | Mill |
| 14:20 | Create | Villager (Male) |
| 14:20 | Create | Villager (Male) |
| 15:01 | Create | Fishing Ship |
| 15:01 | Create | Fishing Ship |
| 15:37 | Create | Fishing Ship |
| 15:55 | Create | Villager (Male) |
| 15:55 | Create | Villager (Male) |
| 15:57 | Research | Loom |
| 17:24 | Create | Villager (Male) |
| 17:26 | Create | Villager (Male) |
| 18:32 | Research | Feudal Age |
| 20:42 | Age | Feudal Age |
| 20:50 | Build | Market |
| 20:54 | Create | Villager (Male) |
| 20:54 | Create | Villager (Male) |
| 20:54 | Create | Villager (Male) |
| 20:55 | Create | Villager (Male) |
| 20:55 | Create | Villager (Male) |
| 21:06 | Build | Blacksmith |
| 21:15 | Research | Double-Bit Axe |
| 21:20 | Research | Gold Mining |
| 21:56 | Build | Farm |
| 22:12 | Build | Farm |
| 22:20 | Build | Farm |
| 22:49 | Build | Farm |
| 23:09 | Build | Barracks |
| 23:18 | Create | Villager (Male) |
| 23:19 | Create | Villager (Male) |
| 23:19 | Create | Villager (Male) |
| 23:20 | Create | Villager (Male) |
| 23:20 | Create | Villager (Male) |
| 23:59 | Create | Fire Galley |
| 23:59 | Create | Fire Galley |
| 23:59 | Create | Fire Galley |
| 24:00 | Create | Fire Galley |
| 24:01 | Create | Fire Galley |
| 24:01 | Create | Fire Galley |
| 24:03 | Create | Fire Galley |
| 24:03 | Create | Fire Galley |
| 24:03 | Create | Fire Galley |
| 24:03 | Create | Fire Galley |
| 24:15 | Build | House |
| 24:16 | Build | House |
| 24:18 | Build | House |
| 24:20 | Build | House |
| 24:22 | Build | House |
| 24:24 | Build | House |
| 24:28 | Build | House |
| 24:30 | Build | House |
| 24:31 | Build | House |
| 24:47 | Build | Farm |
| 25:23 | Research | Arson |
| 25:51 | Build | Farm |
| 25:52 | Build | Farm |
| 26:11 | Research | Castle Age |
| 26:45 | Research | Town Watch |
| 27:01 | Build | Farm |
| 27:49 | Build | Dock |
| 27:53 | Build | Dock |
| 27:58 | Build | Dock |
| 28:34 | Research | Stone Mining |
| 28:51 | Create | Villager (Male) |
| 28:51 | Create | Villager (Male) |
| 28:51 | Create | Villager (Male) |
| 28:51 | Age | Castle Age |
| 28:52 | Create | Villager (Male) |
| 28:52 | Create | Villager (Male) |
| 28:52 | Create | Villager (Male) |
| 28:52 | Create | Villager (Male) |
| 28:52 | Create | Villager (Male) |
| 28:53 | Create | Villager (Male) |
| 29:17 | Build | Farm |
| 29:23 | Build | Farm |
| 29:33 | Build | Farm |
| 29:55 | Research | Tech 906 |
| 30:06 | Research | War Galley (upgrade) |
| 30:22 | Create | Longboat |
| 30:22 | Create | Longboat |
| 30:22 | Create | Longboat |
| 30:23 | Create | Longboat |
| 30:23 | Create | Longboat |
| 30:23 | Create | Longboat |
| 30:24 | Create | Longboat |
| 30:24 | Create | Longboat |
| 30:24 | Create | Longboat |
| 30:36 | Build | Lumber Camp |
| 30:53 | Create | Longboat |
| 30:53 | Create | Longboat |
| 30:53 | Create | Longboat |
| 30:53 | Create | Longboat |
| 30:54 | Create | Longboat |
| 30:54 | Create | Longboat |
| 31:05 | Create | Longboat |
| 31:05 | Create | Longboat |
| 31:05 | Create | Longboat |
| 31:06 | Create | Fire Galley |
| 31:07 | Create | Fire Galley |
| 31:07 | Create | Fire Galley |
| 31:07 | Create | Fire Galley |
| 33:15 | Create | Spearman |
| 33:15 | Create | Spearman |
| 33:15 | Create | Spearman |
Build order — SheepGodCasual
First 150 of 616 actions detected
| 0:07 | Create | Villager (Male) |
| 0:07 | Create | Villager (Male) |
| 0:08 | Create | Villager (Male) |
| 0:11 | Build | House |
| 0:40 | Create | Villager (Male) |
| 1:08 | Build | Lumber Camp |
| 2:00 | Create | Villager (Male) |
| 2:01 | Create | Villager (Male) |
| 2:54 | Create | Villager (Male) |
| 3:19 | Create | Villager (Male) |
| 3:21 | Create | Villager (Male) |
| 3:46 | Build | Dock |
| 3:51 | Research | Loom |
| 4:10 | Build | House |
| 4:15 | Create | Villager (Male) |
| 4:56 | Create | Villager (Male) |
| 5:10 | Create | Villager (Male) |
| 5:16 | Create | Fishing Ship |
| 5:34 | Create | Villager (Male) |
| 5:56 | Create | Villager (Male) |
| 5:57 | Create | Fishing Ship |
| 5:58 | Create | Fishing Ship |
| 6:30 | Create | Villager (Male) |
| 7:13 | Create | Villager (Male) |
| 7:13 | Create | Villager (Male) |
| 7:16 | Create | Fishing Ship |
| 7:16 | Create | Fishing Ship |
| 7:24 | Build | House |
| 7:53 | Create | Villager (Male) |
| 7:54 | Create | Fishing Ship |
| 8:06 | Create | Villager (Male) |
| 8:37 | Create | Fishing Ship |
| 9:00 | Create | Villager (Male) |
| 9:09 | Build | Mill |
| 9:24 | Build | House |
| 9:24 | Build | House |
| 9:37 | Research | Feudal Age |
| 9:37 | Research | Feudal Age |
| 10:31 | Create | Fishing Ship |
| 10:38 | Build | Mining Camp |
| 11:31 | Create | Villager (Male) |
| 11:40 | Create | Villager (Male) |
| 11:41 | Create | Fishing Ship |
| 11:42 | Create | Fishing Ship |
| 11:50 | Research | Wheelbarrow |
| 11:51 | Research | Town Watch |
| 11:53 | Research | Double-Bit Axe |
| 11:56 | Research | Horse Collar |
| 12:44 | Build | Barracks |
| 13:04 | Create | Fire Galley |
| 13:49 | Build | Farm |
| 13:49 | Build | Farm |
| 13:49 | Build | Farm |
| 13:50 | Build | Farm |
| 13:50 | Build | Farm |
| 13:55 | Build | Farm |
| 14:16 | Create | Militia |
| 14:17 | Create | Militia |
| 14:17 | Create | Militia |
| 14:29 | Build | Watch Tower |
| 14:44 | Research | Man-at-Arms (upgrade) |
| 14:47 | Create | Villager (Male) |
| 14:47 | Create | Villager (Male) |
| 15:04 | Build | House |
| 15:04 | Build | House |
| 15:05 | Build | House |
| 15:09 | Build | Farm |
| 15:10 | Build | Farm |
| 15:10 | Build | Farm |
| 15:10 | Build | Farm |
| 15:10 | Build | Farm |
| 15:11 | Build | Farm |
| 15:33 | Build | Farm |
| 15:36 | Build | Farm |
| 15:39 | Create | Villager (Male) |
| 15:40 | Create | Villager (Male) |
| 16:21 | Build | Blacksmith |
| 16:39 | Create | Militia |
| 16:39 | Create | Militia |
| 17:13 | Create | Militia |
| 17:13 | Create | Militia |
| 17:19 | Create | Villager (Male) |
| 17:20 | Create | Villager (Male) |
| 17:24 | Research | Gold Mining |
| 17:32 | Build | Farm |
| 17:32 | Build | Farm |
| 17:32 | Build | Farm |
| 18:11 | Create | Militia |
| 18:23 | Research | Tech 906 |
| 18:29 | Create | Villager (Male) |
| 18:29 | Create | Villager (Male) |
| 18:29 | Create | Villager (Male) |
| 18:52 | Build | Dock |
| 19:01 | Create | Militia |
| 19:02 | Create | Militia |
| 19:05 | Create | Militia |
| 19:20 | Create | Fire Galley |
| 19:20 | Create | Fire Galley |
| 19:36 | Create | Fire Galley |
| 19:37 | Create | Fire Galley |
| 19:37 | Create | Fire Galley |
| 20:20 | Create | Villager (Male) |
| 20:20 | Create | Villager (Male) |
| 20:20 | Create | Villager (Male) |
| 20:31 | Build | Market |
| 21:14 | Create | Demolition Raft |
| 21:25 | Research | Castle Age |
| 21:39 | Create | Fire Galley |
| 21:42 | Create | Fire Galley |
| 22:48 | Build | Mining Camp |
| 23:01 | Create | Fire Galley |
| 23:03 | Create | Fire Galley |
| 23:09 | Create | Fire Galley |
| 23:36 | Create | Transport Ship |
| 23:39 | Create | Demolition Raft |
| 24:20 | Research | Hand Cart |
| 24:20 | Research | Town Patrol |
| 24:21 | Create | Villager (Male) |
| 24:21 | Create | Villager (Male) |
| 24:31 | Build | House |
| 24:32 | Build | House |
| 24:33 | Build | House |
| 24:33 | Build | House |
| 24:41 | Research | Forging |
| 24:41 | Research | Scale Mail Armor |
| 24:42 | Research | Fletching |
| 24:45 | Research | Heavy Plow |
| 24:47 | Research | Bow Saw |
| 24:49 | Research | Stone Mining |
| 25:19 | Build | Town Center |
| 25:26 | Build | Monastery |
| 26:19 | Build | Lumber Camp |
| 26:26 | Build | University |
| 26:31 | Create | Monk |
| 26:56 | Create | Villager (Male) |
| 26:56 | Create | Villager (Male) |
| 27:06 | Create | Villager (Male) |
| 27:06 | Create | Villager (Male) |
| 27:06 | Create | Villager (Male) |
| 27:16 | Create | Demolition Raft |
| 27:17 | Create | Demolition Raft |
| 28:22 | Build | Dock |
| 28:29 | Create | Fire Galley |
| 29:24 | Research | Gillnets |
| 29:24 | Research | War Galley (upgrade) |
| 29:25 | Research | Tech 905 |
| 29:40 | Research | Ballistics |
| 29:48 | Research | Tech 908 |
| 29:51 | Research | Careening |
| 30:11 | Build | Fish Trap |
Build order — maces
First 150 of 243 actions detected
| 0:04 | Build | House |
| 0:07 | Build | House |
| 0:29 | Create | Villager (Male) |
| 0:29 | Create | Villager (Male) |
| 0:29 | Create | Villager (Male) |
| 0:46 | Create | Villager (Male) |
| 1:46 | Create | Villager (Male) |
| 2:10 | Create | Villager (Male) |
| 2:13 | Build | House |
| 2:18 | Build | Lumber Camp |
| 3:46 | Create | Villager (Male) |
| 3:46 | Create | Villager (Male) |
| 3:47 | Create | Villager (Male) |
| 4:10 | Create | Villager (Male) |
| 4:48 | Create | Villager (Male) |
| 5:32 | Create | Villager (Male) |
| 5:34 | Create | Villager (Male) |
| 6:22 | Create | Villager (Male) |
| 6:23 | Create | Villager (Male) |
| 6:24 | Create | Villager (Male) |
| 6:47 | Create | Villager (Male) |
| 8:34 | Build | Mill |
| 8:57 | Research | Feudal Age |
| 10:32 | Build | House |
| 10:33 | Build | House |
| 10:53 | Build | Mining Camp |
| 11:07 | Age | Feudal Age |
| 12:01 | Create | Villager (Male) |
| 12:13 | Build | Market |
| 12:28 | Build | Blacksmith |
| 13:41 | Research | Castle Age |
| 14:24 | Build | Barracks |
| 15:24 | Build | Stable |
| 16:21 | Age | Castle Age |
| 16:30 | Build | Farm |
| 16:43 | Build | Town Center |
| 16:59 | Create | Villager (Male) |
| 16:59 | Create | Villager (Male) |
| 17:00 | Create | Villager (Male) |
| 17:00 | Create | Villager (Male) |
| 17:00 | Create | Villager (Male) |
| 17:46 | Research | Loom |
| 17:56 | Build | Farm |
| 17:58 | Build | Farm |
| 18:02 | Build | Farm |
| 18:06 | Build | Farm |
| 18:11 | Build | Farm |
| 18:34 | Build | Farm |
| 18:40 | Build | Farm |
| 18:57 | Build | Farm |
| 19:38 | Create | Villager (Male) |
| 19:38 | Create | Villager (Male) |
| 19:39 | Create | Villager (Male) |
| 20:57 | Build | Farm |
| 20:58 | Build | Farm |
| 20:59 | Build | Farm |
| 21:04 | Create | Villager (Male) |
| 21:04 | Create | Villager (Male) |
| 21:04 | Create | Villager (Male) |
| 21:06 | Create | Villager (Male) |
| 21:20 | Create | Villager (Male) |
| 21:21 | Create | Villager (Male) |
| 21:43 | Build | Farm |
| 21:45 | Build | Farm |
| 21:54 | Build | Farm |
| 21:57 | Research | Horse Collar |
| 22:23 | Build | Stable |
| 22:25 | Build | Stable |
| 22:35 | Build | Farm |
| 22:41 | Build | Farm |
| 23:08 | Research | Bloodlines |
| 23:08 | Research | Husbandry |
| 23:36 | Create | Villager (Male) |
| 23:37 | Create | Villager (Male) |
| 23:46 | Build | House |
| 23:48 | Build | House |
| 23:49 | Build | House |
| 23:50 | Build | House |
| 23:52 | Build | House |
| 23:54 | Build | House |
| 24:04 | Create | Steppe Lancer |
| 24:04 | Create | Steppe Lancer |
| 24:04 | Create | Steppe Lancer |
| 24:04 | Create | Steppe Lancer |
| 24:31 | Research | Forging |
| 24:40 | Create | Villager (Male) |
| 24:40 | Create | Villager (Male) |
| 25:04 | Research | Heavy Plow |
| 25:14 | Create | Steppe Lancer |
| 25:14 | Create | Steppe Lancer |
| 25:31 | Create | Steppe Lancer |
| 25:32 | Create | Steppe Lancer |
| 25:40 | Create | Steppe Lancer |
| 25:50 | Create | Villager (Male) |
| 26:04 | Build | Farm |
| 26:13 | Build | Farm |
| 26:24 | Research | Scale Barding Armor |
| 26:29 | Create | Villager (Male) |
| 26:48 | Build | Farm |
| 26:49 | Build | Farm |
| 26:54 | Build | Farm |
| 27:10 | Build | Farm |
| 27:26 | Research | Iron Casting |
| 27:38 | Research | Wheelbarrow |
| 27:47 | Create | Steppe Lancer |
| 27:47 | Create | Steppe Lancer |
| 28:26 | Create | Steppe Lancer |
| 28:26 | Create | Steppe Lancer |
| 28:26 | Create | Steppe Lancer |
| 28:26 | Create | Steppe Lancer |
| 28:40 | Create | Steppe Lancer |
| 28:40 | Create | Steppe Lancer |
| 28:40 | Create | Steppe Lancer |
| 28:46 | Create | Steppe Lancer |
| 29:23 | Create | Steppe Lancer |
| 29:23 | Create | Steppe Lancer |
| 29:24 | Create | Steppe Lancer |
| 29:24 | Create | Steppe Lancer |
| 30:12 | Create | Steppe Lancer |
| 30:12 | Create | Steppe Lancer |
| 30:12 | Create | Steppe Lancer |
| 30:13 | Create | Steppe Lancer |
| 30:28 | Create | Villager (Male) |
| 30:29 | Create | Villager (Male) |
| 31:10 | Create | Steppe Lancer |
| 31:10 | Create | Steppe Lancer |
| 31:10 | Create | Steppe Lancer |
| 31:10 | Create | Steppe Lancer |
| 31:11 | Create | Steppe Lancer |
| 31:11 | Create | Steppe Lancer |
| 31:12 | Create | Steppe Lancer |
| 32:42 | Build | House |
| 32:44 | Build | House |
| 32:45 | Build | House |
| 32:46 | Build | House |
| 32:47 | Build | House |
| 32:49 | Build | House |
| 32:50 | Build | House |
| 32:51 | Build | House |
| 32:54 | Build | House |
| 32:54 | Build | House |
| 32:56 | Build | House |
| 33:41 | Research | Chain Barding Armor |
| 33:44 | Create | Steppe Lancer ×5 |
| 33:44 | Create | Steppe Lancer ×5 |
| 33:45 | Create | Steppe Lancer ×5 |
| 33:45 | Create | Steppe Lancer ×4 |
| 34:43 | Create | Steppe Lancer |
| 34:43 | Create | Steppe Lancer |
| 34:43 | Create | Steppe Lancer |
Build order — Apple=)
First 150 of 340 actions detected
| 0:26 | Create | Villager (Male) |
| 0:26 | Create | Villager (Male) |
| 0:27 | Create | Villager (Male) |
| 0:27 | Create | Villager (Male) |
| 0:27 | Create | Villager (Male) |
| 0:32 | Build | House |
| 1:05 | Build | House |
| 1:40 | Build | House |
| 2:16 | Build | House |
| 2:17 | Create | Villager (Male) |
| 2:39 | Build | Mill |
| 3:07 | Create | Villager (Male) |
| 3:53 | Create | Villager (Male) |
| 3:54 | Create | Villager (Male) |
| 3:54 | Create | Villager (Male) |
| 4:43 | Create | Villager (Male) |
| 5:11 | Build | Dock |
| 5:26 | Build | House |
| 5:32 | Create | Villager (Male) |
| 5:33 | Create | Villager (Male) |
| 6:01 | Build | Farm |
| 6:12 | Build | Farm |
| 6:25 | Create | Villager (Male) |
| 6:47 | Create | Villager (Male) |
| 7:32 | Build | Lumber Camp |
| 7:47 | Create | Villager (Male) |
| 7:47 | Create | Villager (Male) |
| 7:47 | Create | Villager (Male) |
| 7:47 | Create | Villager (Male) |
| 8:13 | Create | Villager (Male) |
| 8:13 | Create | Villager (Male) |
| 8:13 | Create | Villager (Male) |
| 8:25 | Build | Farm |
| 8:30 | Build | Farm |
| 9:00 | Build | Farm |
| 9:19 | Create | Villager (Male) |
| 9:19 | Create | Villager (Male) |
| 9:42 | Build | Farm |
| 9:52 | Build | Farm |
| 10:34 | Build | Farm |
| 10:45 | Create | Fishing Ship |
| 11:10 | Create | Fishing Ship |
| 11:39 | Create | Fishing Ship |
| 11:40 | Create | Fishing Ship |
| 11:40 | Create | Fishing Ship |
| 12:03 | Create | Fishing Ship |
| 12:22 | Create | Fishing Ship |
| 12:22 | Create | Fishing Ship |
| 12:41 | Research | Feudal Age |
| 12:46 | Research | Loom |
| 13:06 | Create | Fishing Ship |
| 13:06 | Create | Fishing Ship |
| 13:06 | Create | Fishing Ship |
| 13:54 | Create | Fishing Ship |
| 14:27 | Create | Villager (Male) |
| 14:27 | Create | Villager (Male) |
| 14:27 | Create | Villager (Male) |
| 14:27 | Create | Villager (Male) |
| 14:28 | Create | Villager (Male) |
| 14:51 | Age | Feudal Age |
| 15:11 | Research | Wheelbarrow |
| 15:33 | Build | Blacksmith |
| 15:49 | Build | Market |
| 16:28 | Build | House |
| 16:37 | Build | Barracks |
| 16:45 | Build | Farm |
| 16:57 | Create | Fire Galley |
| 16:58 | Create | Fire Galley |
| 17:39 | Create | Villager (Male) |
| 17:39 | Create | Villager (Male) |
| 17:40 | Create | Villager (Male) |
| 17:40 | Create | Villager (Male) |
| 17:40 | Create | Villager (Male) |
| 17:40 | Create | Villager (Male) |
| 18:02 | Build | Mining Camp |
| 18:47 | Build | House |
| 19:13 | Build | Mining Camp |
| 20:43 | Research | Forging |
| 20:44 | Research | Scale Mail Armor |
| 20:45 | Research | Scale Barding Armor |
| 20:46 | Research | Fletching |
| 20:46 | Research | Padded Archer Armor |
| 21:16 | Build | House |
| 21:48 | Build | House |
| 21:53 | Research | Castle Age |
| 22:19 | Build | Farm |
| 22:49 | Create | Fire Galley |
| 22:49 | Create | Fire Galley |
| 22:50 | Create | Fire Galley |
| 23:01 | Create | Villager (Male) |
| 23:02 | Create | Villager (Male) |
| 23:02 | Create | Villager (Male) |
| 23:02 | Create | Villager (Male) |
| 23:23 | Research | Horse Collar |
| 23:30 | Research | Gold Mining |
| 23:33 | Research | Double-Bit Axe |
| 23:39 | Create | Fire Galley |
| 23:39 | Create | Fire Galley |
| 23:39 | Create | Fire Galley |
| 23:39 | Create | Fire Galley |
| 23:41 | Research | Tech 906 |
| 23:55 | Create | Villager (Male) |
| 23:55 | Create | Villager (Male) |
| 24:33 | Age | Castle Age |
| 24:45 | Research | Iron Casting |
| 24:45 | Research | Chain Mail Armor |
| 24:46 | Research | Chain Barding Armor |
| 24:58 | Research | Stone Mining |
| 25:09 | Research | Bow Saw |
| 25:28 | Create | Fire Galley |
| 25:28 | Create | Fire Galley |
| 25:29 | Create | Fire Galley |
| 26:22 | Build | Farm |
| 26:28 | Build | Farm |
| 26:40 | Create | Fire Galley |
| 26:40 | Create | Fire Galley |
| 26:41 | Create | Fire Galley |
| 27:16 | Build | Farm |
| 28:03 | Build | House |
| 28:35 | Research | War Galley (upgrade) |
| 28:36 | Research | Tech 905 |
| 29:22 | Build | House |
| 29:42 | Create | Fire Galley |
| 29:42 | Create | Fire Galley |
| 29:43 | Create | Fire Galley |
| 30:21 | Create | Villager (Male) |
| 30:22 | Create | Villager (Male) |
| 30:22 | Create | Villager (Male) |
| 30:22 | Create | Villager (Male) |
| 30:22 | Create | Villager (Male) |
| 30:23 | Create | Villager (Male) |
| 30:24 | Research | Hand Cart |
| 33:27 | Research | Gambesons |
| 33:28 | Research | Man-at-Arms (upgrade) |
| 33:28 | Research | Pikeman (upgrade) |
| 33:28 | Research | Squires |
| 33:29 | Research | Arson |
| 33:30 | Create | Spearman |
| 33:30 | Create | Spearman |
| 33:31 | Create | Spearman |
| 33:34 | Research | Gillnets |
| 33:35 | Create | Demolition Raft |
| 33:35 | Create | Trade Cog |
| 33:36 | Create | Transport Ship |
| 33:37 | Create | Unit 2626 |
| 33:37 | Create | Unit 2626 |
| 33:37 | Create | Unit 2626 |
| 33:37 | Create | Unit 2626 |
| 34:13 | Create | Militia |
| 34:13 | Create | Militia |
Build order —
First 150 of 298 actions detected
| 0:19 | Create | Villager (Male) |
| 0:20 | Create | Villager (Male) |
| 0:20 | Create | Villager (Male) |
| 0:20 | Create | Villager (Male) |
| 1:28 | Build | Mill |
| 2:45 | Create | Villager (Male) |
| 4:05 | Build | Lumber Camp |
| 4:19 | Build | House |
| 4:27 | Create | Villager (Male) |
| 4:27 | Create | Villager (Male) |
| 4:27 | Create | Villager (Male) |
| 5:34 | Create | Villager (Male) |
| 6:57 | Create | Villager (Male) |
| 7:27 | Build | Dock |
| 8:03 | Create | Villager (Male) |
| 8:03 | Create | Villager (Male) |
| 8:03 | Create | Villager (Male) |
| 8:12 | Build | House |
| 8:14 | Build | House |
| 8:15 | Build | House |
| 8:52 | Create | Villager (Male) |
| 9:38 | Create | Fishing Ship |
| 9:38 | Create | Fishing Ship |
| 10:28 | Build | Lumber Camp |
| 10:38 | Create | Villager (Male) |
| 10:39 | Create | Villager (Male) |
| 10:39 | Create | Villager (Male) |
| 11:21 | Build | Farm |
| 11:43 | Build | Farm |
| 12:07 | Create | Fishing Ship |
| 12:07 | Create | Fishing Ship |
| 12:08 | Create | Fishing Ship |
| 12:31 | Create | Fishing Ship |
| 14:32 | Create | Fishing Ship |
| 14:41 | Research | Feudal Age |
| 14:50 | Create | Villager (Male) |
| 15:55 | Create | Villager (Male) |
| 15:55 | Create | Villager (Male) |
| 15:55 | Create | Villager (Male) |
| 16:51 | Age | Feudal Age |
| 17:34 | Research | Tech 906 |
| 17:42 | Research | Double-Bit Axe |
| 17:47 | Research | Horse Collar |
| 17:55 | Build | House |
| 17:57 | Build | House |
| 18:02 | Build | House |
| 18:03 | Build | House |
| 18:14 | Build | Blacksmith |
| 18:21 | Build | Market |
| 18:48 | Build | Watch Tower |
| 19:19 | Build | Farm |
| 19:30 | Research | Padded Archer Armor |
| 19:30 | Research | Fletching |
| 19:39 | Create | Trade Cog |
| 21:00 | Build | Mining Camp |
| 23:44 | Build | Farm |
| 24:09 | Build | Mining Camp |
| 24:38 | Build | Barracks |
| 24:52 | Create | Fire Galley |
| 24:52 | Create | Fire Galley |
| 25:09 | Create | Fire Galley |
| 25:22 | Create | Unit 2626 |
| 26:21 | Create | Fire Galley |
| 26:21 | Create | Fire Galley |
| 26:47 | Create | Fire Galley |
| 26:47 | Create | Fire Galley |
| 26:57 | Build | Mining Camp |
| 28:41 | Research | Castle Age |
| 29:38 | Create | Spearman |
| 29:38 | Create | Spearman |
| 29:39 | Create | Spearman |
| 29:39 | Create | Spearman |
| 29:39 | Create | Spearman |
| 29:39 | Create | Spearman |
| 29:40 | Create | Spearman |
| 29:40 | Create | Spearman |
| 29:40 | Create | Spearman |
| 31:21 | Age | Castle Age |
| 31:22 | Create | Villager (Male) |
| 31:22 | Create | Villager (Male) |
| 31:22 | Create | Villager (Male) |
| 31:23 | Create | Villager (Male) |
| 31:23 | Create | Villager (Male) |
| 32:16 | Create | Fishing Ship |
| 32:16 | Create | Fishing Ship |
| 32:17 | Create | Fishing Ship |
| 32:17 | Create | Fishing Ship |
| 32:17 | Create | Fishing Ship |
| 32:50 | Research | Gillnets |
| 32:50 | Research | War Galley (upgrade) |
| 32:50 | Research | Tech 905 |
| 33:05 | Build | University |
| 33:46 | Build | Town Center |
| 34:03 | Research | Tech 909 |
| 35:48 | Build | Monastery |
| 35:53 | Create | Villager (Male) |
| 35:53 | Create | Villager (Male) |
| 35:54 | Create | Villager (Male) |
| 35:54 | Create | Villager (Male) |
| 35:54 | Create | Villager (Male) |
| 35:55 | Create | Villager (Male) |
| 37:33 | Build | Siege Workshop |
| 37:37 | Create | Monk |
| 37:53 | Build | House |
| 37:54 | Build | House |
| 37:57 | Build | House |
| 37:58 | Build | House |
| 38:02 | Build | House |
| 38:03 | Build | House |
| 39:07 | Research | Chemistry |
| 39:09 | Research | Ballistics |
| 40:31 | Create | Villager (Male) |
| 40:31 | Create | Villager (Male) |
| 41:41 | Build | Farm |
| 41:44 | Build | Farm |
| 42:50 | Create | Villager (Male) |
| 42:50 | Create | Villager (Male) |
| 42:50 | Create | Villager (Male) |
| 43:13 | Create | Villager (Male) |
| 43:26 | Create | Villager (Male) |
| 43:37 | Build | Farm |
| 44:22 | Build | Lumber Camp |
| 44:40 | Build | Castle |
| 44:58 | Create | Villager (Male) |
| 44:58 | Create | Villager (Male) |
| 45:07 | Research | Guard Tower (upgrade) |
| 45:42 | Research | Careening |
| 46:00 | Build | Farm |
| 46:07 | Build | Farm |
| 48:23 | Research | Tech 908 |
| 48:48 | Create | Villager (Male) |
| 48:48 | Create | Villager (Male) |
| 48:48 | Create | Villager (Male) |
| 48:49 | Create | Villager (Male) |
| 49:18 | Research | Murder Holes |
| 49:22 | Research | Treadmill Crane |
| 49:36 | Build | Farm |
| 49:45 | Build | Farm |
| 49:52 | Research | Bow Saw |
| 50:10 | Build | Farm |
| 51:30 | Build | Castle |
| 51:47 | Research | Wheelbarrow |
| 51:49 | Research | Town Watch |
| 53:11 | Research | Hand Cart |
| 54:55 | Build | Watch Tower |
| 55:29 | Research | Heavy Plow |
| 55:34 | Create | Villager (Male) |
| 55:34 | Create | Villager (Male) |
| 55:35 | Create | Villager (Male) |
| 55:36 | Create | Villager (Male) |
Match timeline
| 1:04 | Vedro · first_building Dock |
| 3:46 | SheepGodCasual · first_building Dock |
| 5:11 | Apple=) · first_building Dock |
| 5:26 | Animeshnik49 · first_building Dock |
| 7:27 | · first_building Dock |
| 11:07 | maces · age_up feudal |
| 11:58 | Vedro · first_building Barracks |
| 12:44 | Vedro · age_up feudal |
| 12:44 | SheepGodCasual · first_building Barracks |
| 13:38 | maces · first_market_sell 100 stone |
| 14:24 | maces · first_building Barracks |
| 14:40 | Vedro · first_building Archery Range |
| 14:51 | Apple=) · age_up feudal |
| 15:24 | maces · first_building Stable |
| 16:21 | maces · age_up castle |
| 16:37 | Apple=) · first_building Barracks |
| 16:51 | · age_up feudal |
| 19:56 | Vedro · first_market_sell 100 wood |
| 20:42 | Animeshnik49 · age_up feudal |
| 21:15 | Vedro · first_market_buy 100 food |
| 23:09 | Animeshnik49 · first_building Barracks |
| 24:03 | Vedro · age_up castle |
| 24:33 | Apple=) · age_up castle |
| 24:38 | · first_building Barracks |
| 25:26 | SheepGodCasual · first_building Monastery |
| 28:51 | Animeshnik49 · age_up castle |
| 31:21 | · age_up castle |
| 31:29 | SheepGodCasual · first_market_sell 100 food |
| 35:21 | Vedro · first_building Castle |
| 35:48 | · first_building Monastery |
| 37:33 | · first_building Siege Workshop |
| 37:37 | Apple=) · first_building Castle |
| 41:02 | Animeshnik49 · first_market_sell 100 food |
| 41:45 | Vedro · age_up imperial |
| 44:40 | · first_building Castle |
| 48:18 | SheepGodCasual · tribute_sent a jugador 1 |
| 48:18 | SheepGodCasual · tribute_sent a jugador 2 |
| 48:18 | SheepGodCasual · tribute_sent a jugador 4 |
| 48:18 | SheepGodCasual · tribute_sent a jugador 5 |
| 48:18 | SheepGodCasual · tribute_sent a jugador 6 |
| 48:18 | maces · first_building Dock |
| 49:41 | Vedro · first_building Siege Workshop |
| 50:26 | SheepGodCasual · first_building Castle |
| 53:22 | maces · first_building Siege Workshop |
| 54:28 | · tribute_sent a jugador 1 |
| 54:28 | · tribute_sent a jugador 2 |
| 54:28 | · tribute_sent a jugador 3 |
| 54:28 | · tribute_sent a jugador 4 |
| 54:28 | · tribute_sent a jugador 5 |
| 56:54 | Vedro · first_building Monastery |
| 57:30 | Apple=) · first_market_buy 100 wood |
| 62:22 | · age_up imperial |
| 65:58 | maces · first_building Castle |
| 68:00 | maces · first_building Monastery |
| 73:37 | maces · age_up imperial |
| 78:26 | SheepGodCasual · first_market_buy 100 food |
| 78:46 | SheepGodCasual · wall_segment Palisade Wall x2 |
| 81:22 | Apple=) · tribute_sent a jugador 1 |
| 81:22 | Apple=) · tribute_sent a jugador 2 |
| 81:22 | Apple=) · tribute_sent a jugador 3 |
| 81:22 | Apple=) · tribute_sent a jugador 4 |
| 81:22 | Apple=) · tribute_sent a jugador 6 |
| 82:16 | · first_building Archery Range |
| 96:33 | SheepGodCasual · resign |
[ AI ANALYSIS · 1 CREDIT ]
What really happened in this match?
Wolo.gg analyzes every decision: build order, eco, micro, common mistakes by bracket. Personalized analysis on WhatsApp or Discord in 30 seconds.
Civ guide
Romans
Perfil
Jugador #22258713